AoeStats
← christianson001

Black Forest

503508428Analyzed
3v3 RM · 1mo ago on Sep 1, 2026· 100m 11s· 6 players
Game mode
Random Map
Map size
Normal (6 player)
Population
200
Speed
Normal
Resources
Standard
Victory
Conquest
Starting age
Dark Age
Ending age
Imperial Age
RankedLock teamsTeams togetherTeam positionsShared explorationLock speedFull tech treeHidden civsTurbo modeCheats
Victory
Defeat
🇹🇷 Khmer · Türkiye
552
+12
🇦🇷 Cumans · Argentina
547
+13
🇺🇸 Aztecs · United States
360
+21
🇺🇸 Hindustanis · United States
528
-18
🇺🇸 Bulgarians · United States
452
-14
🇨🇴 Vikings · Colombia
433
-14
christianson001
6:39 Loom
11:22 Feudal Age
17:33 Wheelbarrow
24:48 Castle Age
23:54 Double-Bit Axe
23:57 Horse Collar
26:29 Heavy Plow
29:24 Hand Cart
29:04 Gold Mining
30:17 Bow Saw
33:02 Scale Barding Armor
32:58 Scale Mail Armor
33:03 Squires
32:49 Gambesons
33:48 Pikeman
34:35 Husbandry
34:48 Bloodlines
34:00 Light Cavalry
34:47 Town Watch
35:35 Chain Barding Armor
35:32 Chain Mail Armor
39:02 Arson
42:49 Imperial Age
42:56 Gold Shaft Mining
42:13 Stone Mining
45:24 Town Patrol
45:39 Elite Konnik
49:48 Stone Shaft Mining
49:55 Crop Rotation
52:23 Caravan
52:55 Coinage
53:24 Ballistics
52:55 Heated Shot
53:17 Masonry
55:32 Onager
60:24 Bagains
60:21 Stirrups
74:59 Chemistry
74:33 Architecture
74:16 Siege Engineers
77:10 Conscription
77:59 Plate Mail Armor
78:29 Banking
ExcessSpread
12:58 Feudal Age
13:32 Horse Collar
13:42 Double-Bit Axe
17:10 Wheelbarrow
18:54 Town Watch
25:04 Castle Age
27:10 Caravan
27:41 Bow Saw
30:42 Hand Cart
30:28 Town Patrol
31:34 Stone Mining
33:25 Heavy Plow
38:10 Imperial Age
35:45 Husbandry
36:40 Bloodlines
37:53 Grand Trunk Road
40:03 Conscription
41:01 Two-Man Saw
40:48 Stone Shaft Mining
42:07 Chemistry
41:02 Guard Tower
41:30 Masonry
41:17 Murder Holes
42:03 Scale Barding Armor
43:00 Ballistics
42:21 Heavy Camel Rider
43:59 Shatagni
44:36 Hoardings
45:12 Imperial Camel Rider
46:41 Onager
48:31 Siege Elephant
john.guargu
0:41 Loom
3:13 Loom
11:29 Feudal Age
19:39 Double-Bit Axe
19:37 Horse Collar
24:28 Castle Age
25:01 Crossbowman
26:09 Bow Saw
27:35 Town Watch
28:52 Caravan
32:05 Stone Mining
32:09 Gold Mining
35:37 Gold Shaft Mining
35:46 Heavy Plow
41:02 Treadmill Crane
41:33 Masonry
44:00 Imperial Age
42:13 Forging
42:04 Padded Archer Armor
41:57 Fletching
46:50 Chemistry
46:12 Ballistics
45:44 Heated Shot
46:26 Architecture
46:05 Chieftains
45:38 Arbalester
46:58 Crop Rotation
47:22 Elite Berserk
50:54 Leather Archer Armor
50:46 Scale Barding Armor
50:42 Scale Mail Armor
51:17 Iron Casting
50:38 Bodkin Arrow
51:23 Chain Mail Armor
51:29 Chain Barding Armor
50:33 Pikeman
51:03 Arson
51:57 Squires
54:07 Two-Man Saw
53:43 Cavalier
56:58 Blast Furnace
56:28 Plate Mail Armor
56:29 Ring Archer Armor
55:59 Bracer
58:13 Hoardings
57:11 Sappers
63:16 Onager
75:10 Elite Skirmisher
Chin0chelada
1:08 Loom
13:46 Feudal Age
15:52 Wheelbarrow
20:14 Town Watch
20:16 Horse Collar
25:34 Double-Bit Axe
26:30 Padded Archer Armor
26:28 Fletching
27:32 Man-at-Arms
yigitmustu
12:22 Feudal Age
12:51 Double-Bit Axe
13:54 Horse Collar
15:23 Gold Mining
20:57 Wheelbarrow
23:58 Castle Age
23:45 Stone Mining
26:02 Bow Saw
26:33 Stone Shaft Mining
26:33 Gold Shaft Mining
26:06 Heavy Plow
27:36 Man-at-Arms
31:21 Imperial Age
30:39 Hand Cart
33:07 Scale Barding Armor
33:14 Forging
33:00 Fletching
33:11 Padded Archer Armor
34:47 Crop Rotation
35:59 Elite Ballista Elephant
39:31 Double Crossbow
39:04 Heavy Scorpion
44:15 Chain Barding Armor
44:31 Iron Casting
45:17 Chemistry
57:18 Plate Barding Armor
57:45 Blast Furnace
57:03 Leather Archer Armor
56:43 Bodkin Arrow
58:51 Bloodlines
58:44 Husbandry
62:14 Tusk Swords
ElfinTugboat726
1:01 Loom
19:24 Feudal Age
24:16 Feudal Age
24:49 Arson
24:56 Horse Collar
25:04 Double-Bit Axe
31:35 Castle Age
30:25 Gold Mining
30:25 Stone Mining
32:54 Heavy Plow
33:08 Bow Saw
32:20 Pikeman
33:02 Squires
33:40 Wheelbarrow
36:22 Gold Shaft Mining
41:23 Hand Cart
42:09 Murder Holes
42:39 Forging
42:35 Scale Mail Armor
42:42 Scale Barding Armor
42:28 Fletching
42:39 Padded Archer Armor
43:13 Bloodlines
44:20 Ballistics
45:30 Town Watch
47:03 Steppe Husbandry
51:58 Imperial Age
52:17 Iron Casting
52:16 Elite Steppe Lancer
54:12 Chemistry
52:42 Halberdier
54:52 Conscription
55:41 Two-Man Saw
55:26 Crop Rotation
57:44 Elite Kipchak
58:30 Cuman Mercenaries
70:26 Town Patrol
87:04 Blast Furnace
86:26 Chain Barding Armor
86:03 Bodkin Arrow
86:29 Masonry
95:48 Chain Mail Armor
Connection lost

Rejoining the realm…

Still unreachable

The connection could not be restored.

Session expired

The server has moved on; the page needs a fresh start.